NULL
Full Scoreboard »»

Kraken vs Sharks

Created - January 1, 2024 at 21:58

Goals
1 2 3 T
Kraken 0 5 2 7
Sharks 1 0 0 1
Shots
1 2 3 T
Kraken 10 10 10 30
Sharks 15 7 6 28

GoalsPenalties
1st period
1. Sharks , Sidney Crosby 8 (Nikolaj Ehlers 8, Auston Matthews 10) at 15:21 (PP)
Derek Stepan (SJS) for Fighting (Major) at 14:55
Kirill Kaprizov (SEA) for Fighting (Major) at 14:55
Kirill Kaprizov (SEA) for instigated a fight (Minor) at 14:55
Kirill Kaprizov (SEA) for instigated a fight (10 Minutes Misconduct) at 14:55
Martin Fehervary (SEA) for Hooking (Minor) at 17:06
2nd period
2. Kraken , Brandon Saad 5 (Blake Coleman 10, Artturi Lehkonen 6) at 2:00
3. Kraken , Roope Hintz 9 (Andrei Svechnikov 11, Keegan Kolesar 3) at 7:08
4. Kraken , Blake Coleman 7 (Jesperi Kotkaniemi 6) at 10:18
5. Kraken , Valeri Nichushkin 8 (Artturi Lehkonen 7, Noah Dobson 11) at 10:33
6. Kraken , Kirill Kaprizov 8 (Jonas Siegenthaler 4) at 13:29
Brendan Lemieux (SJS) for Fighting (Major) at 12:12
Pavel Zacha (SEA) for Fighting (Major) at 12:12
Mark Giordano (SJS) for Fighting (Major) at 19:30
Nicolas Hague (SEA) for Fighting (Major) at 19:30
Auston Matthews (SJS) for Fighting (Major) at 19:56
Keegan Kolesar (SEA) for Fighting (Major) at 19:56
3rd period
7. Kraken , Pavel Zacha 3 (Artturi Lehkonen 8, Martin Fehervary 3) at 9:13
8. Kraken , Blake Coleman 8 (Morgan Frost 4, Nicolas Hague 4) at 13:43 (SH)
Brendan Lemieux (SJS) for Fighting (Major) at 0:10
Jonas Siegenthaler (SEA) for Fighting (Major) at 0:10
Brendan Lemieux (SJS) for instigated a fight (Minor) at 0:10
Brendan Lemieux (SJS) for instigated a fight (10 Minutes Misconduct) at 0:10
Auston Matthews (SJS) for Fighting (Major) at 7:53
Andrei Svechnikov (SEA) for Fighting (Major) at 7:53
Artturi Lehkonen (SEA) for Interference (Minor) at 13:11
Noel Acciari (SJS) for Slashing (Minor) at 15:21
Goalie Stats
Tristan Jarry (SEA), 27 saves from 28 shots - (0.964), W, 11-5-0, 60:00 minutes
Alex Lyon (SJS), 12 saves from 15 shots - (0.800), 29:27 minutes
Semyon Varlamov (SJS), 11 saves from 15 shots - (0.733), L, 9-6-1, 30:33 minutes
3 StarsOfficial
1 - Blake Coleman (SEA)
2 - Artturi Lehkonen (SEA)
3 - Tristan Jarry (SEA)
Referees : Unknown
Linesman : Unknown
Game Note
Derek Stepan and Kirill Kaprizov fight to a draw at 14:55 of 1st period
Alex Lyon enters game at 10:33 of 2nd period
Pavel Zacha beats up Brendan Lemieux at 12:12 of 2nd period
Mark Giordano and Nicolas Hague fight to a draw at 19:30 of 2nd period
Keegan Kolesar beats up Auston Matthews at 19:56 of 2nd period
Brendan Lemieux beats up Jonas Siegenthaler at 0:10 of 3rd period
Auston Matthews and Andrei Svechnikov fight to a draw at 7:53 of 3rd period



Team Name Goals Shots Shots Attemp Shots Blocked PIM HIT PP PK FO%
Kraken 730581146280 / 2 (0%)141%
Sharks 128631144201 / 3 (33%)059%

Kraken
Player Name POS G A P +/- PIM HIT SHT SB MP PP MP PP SHT PK MP PK SHT FO% FOT GA TA
Andrei SvechnikovLW/RW0112521013:392:2000:0000% 000
Artturi LehkonenLW/RW0333230017:101:3800:00025% 400
Blake ColemanC/LW/RW2133045017:450:1702:1010% 010
Brandon SaadLW/RW1012002115:471:3700:0000% 101
Brenden DillonD0001040122:550:2202:0800% 000
Jake SandersonD0003001215:000:2900:0000% 000
Jesperi KotkaniemiC/LW0112011015:271:3800:00047% 1510
Jonas SiegenthalerD0112510217:060:0002:0800% 001
Keegan KolesarRW011052009:120:0000:0000% 000
Kirill KaprizovLW10111707012:132:2000:00050% 200
Martin FehervaryD0113230114:510:0000:0000% 000
Morgan FrostC0111001012:400:0002:10043% 721
Nicolas HagueD0113500318:520:4602:1600% 010
Noah DobsonD0112001026:552:2112:1600% 002
Pavel ZachaC/LW1012531014:301:3800:00040% 500
Roope HintzC/LW1012015017:582:0302:14042% 2400
Tanner JeannotLW/RW0000030113:010:0002:1400% 010
Valeri NichushkinLW/RW1012015020:272:2100:00033% 310
Sharks
Player Name POS G A P +/- PIM HIT SHT SB MP PP MP PP SHT PK MP PK SHT FO% FOT GA TA
Auston MatthewsC/LW/RW011-31005017:532:5501:02081% 2112
Brendan LemieuxLW/RW000-1220016:220:0000:31025% 400
Carl GrundstromRW000-2011110:010:0001:350100% 100
Daniil ButLW000-2012120:231:2900:0000% 200
Derek StepanC/LW/RW0000501011:180:0001:5200% 001
Dustin BrownLW/RW000-4032018:081:2910:0000% 101
Esa LindellD000-2022019:430:0002:3500% 000
Frederick GaudreauC/LW/RW0000001110:580:0001:5600% 020
Gustav NyquistC/LW/RW000-4011018:501:2900:040100% 110
Mark GiordanoD000-3521419:052:5800:0000% 000
Nick RitchieLW000-200008:090:0000:0000% 000
Nikolaj EhlersLW/RW011-1022020:042:5500:00050% 401
Noel AcciariC/LW/RW000-1211113:460:0000:56060% 500
Philip BrobergD000-2001018:090:0001:2300% 001
Rasmus RistolainenD000-2021022:341:2602:3500% 000
Sidney CrosbyC/LW/RW101-1025020:042:5510:00050% 2210
Travis SanheimD000-3002122:042:5811:2300% 001
William BorgenD000-2030118:241:2600:0000% 000

Kraken

5 vs 5 Forward
Line #Left WingCenterRight WingPHYDFOFWanted %Time %Time Play
1Kirill KaprizovRoope HintzAndrei Svechnikov0233026%13:26
2Artturi LehkonenPavel ZachaValeri Nichushkin0233027%14:09
3Brandon SaadJesperi KotkaniemiBlake Coleman0233026%13:26
4Tanner JeannotMorgan FrostKeegan Kolesar1311021%10:37
5 vs 5 Defense
Line #DefenseDefensePHYDFOFWanted %Time %Time Play
1Brenden DillonNoah Dobson0234037%19:10
2Jonas SiegenthalerNicolas Hague0233536%18:42
3Jake SandersonMartin Fehervary0232526%13:10
4Jonas SiegenthalerNoah Dobson12201%0:36
Power Play Forward
Line #Left WingCenterRight WingPHYDFOFWanted %Time %Time Play
1Kirill KaprizovRoope HintzAndrei Svechnikov0056059%2:20
2Pavel ZachaJesperi KotkaniemiArtturi Lehkonen0054041%1:38
Power Play Defense
Line #DefenseDefensePHYDFOFWanted %Time %Time Play
1Valeri NichushkinNoah Dobson0146059%2:21
2Nicolas HagueBrandon Saad0144041%1:37
Penalty Kill 4 Players Forward
Line #CenterWingPHYDFOFWanted %Time %Time Play
1Morgan FrostBlake Coleman1405049%2:10
2Roope HintzTanner Jeannot1405051%2:14
Penalty Kill 4 Players Defense
Line #DefenseDefensePHYDFOFWanted %Time %Time Play
1Jonas SiegenthalerBrenden Dillon1405048%2:08
2Nicolas HagueNoah Dobson1405052%2:16
Penalty Kill 3 Players
Line #WingPHYDFOFWanted %Time %Time PlayDefenseDefensePHYDFOFWanted %Time %Time Play
1Roope Hintz140500%0:00 Brenden DillonNoah Dobson140500%0:00
2Morgan Frost140500%0:00 Jonas SiegenthalerNicolas Hague140500%0:00
4 vs 4 Forward
Line #CenterWingPHYDFOFWanted %Time %Time Play
1Jesperi KotkaniemiPavel Zacha023500%0:00
2Morgan FrostKeegan Kolesar023500%0:00
4 vs 4 Defense
Line #DefensePHYDFOFWanted %Time %Time Play
1Martin FehervaryNoah Dobson023500%0:00
2Jonas SiegenthalerJake Sanderson023500%0:00
Last Minutes Offensive
Left WingCenterRight WingDefenseDefense
Kirill KaprizovRoope HintzAndrei SvechnikovValeri NichushkinNoah Dobson
Last Minutes Defensive
Left WingCenterRight WingDefenseDefense
Brandon SaadRoope HintzBlake ColemanJonas SiegenthalerBrenden Dillon
Time
Total ForwardTotal DefenseLast Minutes OffensiveLast Minutes Defensive
60:00 60:00 0:000:00
Extra Forwards
Normal PowerPlayPenalty Kill
Kirill Kaprizov, Valeri Nichushkin, Pavel ZachaArtturi Lehkonen, Andrei SvechnikovBrandon Saad
Extra Defensemen
Normal PowerPlayPenalty Kill
Noah Dobson, Brenden Dillon, Martin FehervaryJake Sanderson, Nicolas HagueJonas Siegenthaler
Penalty Shots
Kirill Kaprizov, Roope Hintz, Valeri Nichushkin, Andrei Svechnikov, Pavel Zacha
Goalie
Tristan Jarry, Akira Schmid
Custom OT Lines Forwards
Kirill Kaprizov, Roope Hintz, Valeri Nichushkin, Andrei Svechnikov, Artturi Lehkonen, Blake Coleman, Pavel Zacha, Brandon Saad, Morgan Frost, Jesperi Kotkaniemi
Custom OT Lines Defensemen
Noah Dobson, Brenden Dillon, Jonas Siegenthaler, Nicolas Hague, Jake Sanderson
Scratches
Paul Cotter (Healthy), Nicklaus Perbix (Healthy), Thomas Novak (Healthy), Morgan Geekie (Healthy)

Sharks

5 vs 5 Forward
Line #Left WingCenterRight WingPHYDFOFWanted %Time %Time Play
1Daniil ButSidney CrosbyNikolaj Ehlers1223535%18:04
2Dustin BrownAuston MatthewsGustav Nyquist1223532%16:39
3Frederick GaudreauNoel AcciariDerek Stepan1222017%8:46
4Nick RitchieBrendan LemieuxCarl Grundstrom1221016%8:09
5 vs 5 Defense
Line #DefenseDefensePHYDFOFWanted %Time %Time Play
1Mark GiordanoEsa Lindell1223534%17:40
2Rasmus RistolainenTravis Sanheim1223534%17:40
3William BorgenPhilip Broberg1223030%15:44
4Mark GiordanoRasmus Ristolainen12201%0:34
Power Play Forward
Line #Left WingCenterRight WingPHYDFOFWanted %Time %Time Play
1Sidney CrosbyAuston MatthewsNikolaj Ehlers1226066%2:55
2Daniil ButGustav NyquistDustin Brown1224034%1:29
Power Play Defense
Line #DefenseDefensePHYDFOFWanted %Time %Time Play
1Mark GiordanoTravis Sanheim1225067%2:58
2Rasmus RistolainenWilliam Borgen1225033%1:26
Penalty Kill 4 Players Forward
Line #CenterWingPHYDFOFWanted %Time %Time Play
1Noel AcciariDerek Stepan1225060%2:23
2Frederick GaudreauCarl Grundstrom1225040%1:35
Penalty Kill 4 Players Defense
Line #DefenseDefensePHYDFOFWanted %Time %Time Play
1Esa LindellRasmus Ristolainen1225065%2:35
2Philip BrobergTravis Sanheim1225035%1:23
Penalty Kill 3 Players
Line #WingPHYDFOFWanted %Time %Time PlayDefenseDefensePHYDFOFWanted %Time %Time Play
1Auston Matthews122500%0:00 Mark GiordanoRasmus Ristolainen122500%0:00
2Sidney Crosby122500%0:00 Esa LindellTravis Sanheim122500%0:00
4 vs 4 Forward
Line #CenterWingPHYDFOFWanted %Time %Time Play
1Auston MatthewsSidney Crosby122500%0:00
2Nikolaj EhlersDustin Brown122500%0:00
4 vs 4 Defense
Line #DefensePHYDFOFWanted %Time %Time Play
1Mark GiordanoRasmus Ristolainen122500%0:00
2Esa LindellTravis Sanheim122500%0:00
Last Minutes Offensive
Left WingCenterRight WingDefenseDefense
Sidney CrosbyAuston MatthewsNikolaj EhlersMark GiordanoRasmus Ristolainen
Last Minutes Defensive
Left WingCenterRight WingDefenseDefense
Sidney CrosbyAuston MatthewsNikolaj EhlersMark GiordanoRasmus Ristolainen
Time
Total ForwardTotal DefenseLast Minutes OffensiveLast Minutes Defensive
60:00 60:00 0:000:00
Extra Forwards
Normal PowerPlayPenalty Kill
Brendan Lemieux, Daniil But, Noel AcciariBrendan Lemieux, Daniil ButNoel Acciari
Extra Defensemen
Normal PowerPlayPenalty Kill
William Borgen, Philip Broberg, Esa LindellWilliam Borgen, Philip BrobergEsa Lindell
Penalty Shots
Auston Matthews, Sidney Crosby, Nikolaj Ehlers, Dustin Brown, Gustav Nyquist
Goalie
Semyon Varlamov, Alex Lyon
Custom OT Lines Forwards
Auston Matthews, Sidney Crosby, Nikolaj Ehlers, Dustin Brown, Gustav Nyquist, Frederick Gaudreau, Daniil But, Noel Acciari, Nick Ritchie, Derek Stepan
Custom OT Lines Defensemen
Mark Giordano, Rasmus Ristolainen, Esa Lindell, Travis Sanheim, William Borgen
Scratches
Albert Wikman (Healthy), Aleksandr Kisakov (Healthy)


Play-by-Play

1st period


0:01 of 1st period - Roope Hintz wins face-off versus Sidney Crosby in neutral zone.
0:26 of 1st period - Valeri Nichushkin is hit by Esa Lindell and loses puck.
0:47 of 1st period - Auston Matthews is hit by Brenden Dillon and loses puck.
1:18 of 1st period - Slapshot by Gustav Nyquist.
1:18 of 1st period - Deflect By Auston Matthews.
1:18 of 1st period - Stopped by Tristan Jarry without a rebound.
1:19 of 1st period - Jesperi Kotkaniemi wins face-off versus Noel Acciari in Kraken zone.
1:44 of 1st period - Philip Broberg is hit by Andrei Svechnikov and loses puck.
2:01 of 1st period - Roope Hintz is hit by Mark Giordano and loses puck.
2:16 of 1st period - Snap shot by Roope Hintz.
2:16 of 1st period - Stopped by Semyon Varlamov with a rebound.
2:18 of 1st period - Snap shot by Kirill Kaprizov.
2:18 of 1st period - Stopped by Semyon Varlamov without a rebound.
2:19 of 1st period - Jesperi Kotkaniemi wins face-off versus Brendan Lemieux in Sharks zone.
2:22 of 1st period - Wrist shot by Blake Coleman.
2:22 of 1st period - Shot Misses the Net.
3:06 of 1st period - Off-side.
3:07 of 1st period - Auston Matthews wins face-off versus Pavel Zacha in neutral zone.
3:23 of 1st period - Snap shot by Auston Matthews.
3:23 of 1st period - Stopped by Tristan Jarry without a rebound.
3:24 of 1st period - Jesperi Kotkaniemi wins face-off versus Sidney Crosby in Kraken zone.
3:31 of 1st period - Daniil But is hit by Blake Coleman.
3:57 of 1st period - Snap shot by Carl Grundstrom.
3:57 of 1st period - Stopped by Tristan Jarry without a rebound.
3:58 of 1st period - Morgan Frost wins face-off versus Sidney Crosby in Kraken zone.
4:32 of 1st period - Snap shot by Auston Matthews.
4:32 of 1st period - Deflect By Dustin Brown.
4:32 of 1st period - Stopped by Tristan Jarry with a rebound.
4:57 of 1st period - Snap shot by Roope Hintz.
4:57 of 1st period - Stopped by Semyon Varlamov with a rebound.
5:27 of 1st period - Sidney Crosby is hit by Keegan Kolesar and loses puck.
5:47 of 1st period - Off-side.
5:48 of 1st period - Auston Matthews wins face-off versus Jesperi Kotkaniemi in neutral zone.
6:13 of 1st period - Jonas Siegenthaler is hit by Sidney Crosby and loses puck.
6:18 of 1st period - Wrist shot by Sidney Crosby.
6:18 of 1st period - Shot Blocked by Nicolas Hague.
6:20 of 1st period - Slapshot by Rasmus Ristolainen.
6:20 of 1st period - Stopped by Tristan Jarry with a rebound.
6:22 of 1st period - Wrist shot by Travis Sanheim.
6:22 of 1st period - Stopped by Tristan Jarry with a rebound.
7:05 of 1st period - Backhand shot by Jesperi Kotkaniemi.
7:05 of 1st period - Shot Blocked by Frederick Gaudreau.
7:07 of 1st period - Slapshot by Blake Coleman.
7:07 of 1st period - Shot Misses the Net.
7:09 of 1st period - Snap shot by Blake Coleman.
7:09 of 1st period - Deflect By Jesperi Kotkaniemi.
7:09 of 1st period - Shot Blocked by Travis Sanheim.
7:09 of 1st period - Puck is out of play.
7:10 of 1st period - Auston Matthews wins face-off versus Roope Hintz in Sharks zone.
7:23 of 1st period - Wrist shot by Auston Matthews.
7:23 of 1st period - Deflect By Gustav Nyquist.
7:23 of 1st period - Shot Misses the Net.
7:23 of 1st period - Puck is out of play.
7:24 of 1st period - Sidney Crosby wins face-off versus Jesperi Kotkaniemi in Kraken zone.
7:49 of 1st period - Auston Matthews is hit by Pavel Zacha and loses puck.
8:35 of 1st period - Off-side.
8:36 of 1st period - Morgan Frost wins face-off versus Sidney Crosby in neutral zone.
8:47 of 1st period - Snap shot by Sidney Crosby.
8:47 of 1st period - Shot Misses the Net.
9:01 of 1st period - Rasmus Ristolainen is hit by Artturi Lehkonen and loses puck.
9:08 of 1st period - Snap shot by Valeri Nichushkin.
9:08 of 1st period - Shot Misses the Net.
9:52 of 1st period - Slapshot by Brandon Saad.
9:52 of 1st period - Deflect By Blake Coleman.
9:52 of 1st period - Stopped by Semyon Varlamov with a rebound.
10:18 of 1st period - Wrist shot by Gustav Nyquist.
10:18 of 1st period - Shot Misses the Net.
10:33 of 1st period - Icing by Auston Matthews.
10:34 of 1st period - Auston Matthews wins face-off versus Valeri Nichushkin in Sharks zone.
10:52 of 1st period - Slapshot by Auston Matthews.
10:52 of 1st period - Stopped by Tristan Jarry with a rebound.
11:02 of 1st period - Snap shot by Auston Matthews.
11:02 of 1st period - Shot Misses the Net.
11:04 of 1st period - Snap shot by Auston Matthews.
11:04 of 1st period - Shot Misses the Net.
11:06 of 1st period - Slapshot by Travis Sanheim.
11:06 of 1st period - Shot Hit the Post.
11:08 of 1st period - Snap shot by Auston Matthews.
11:08 of 1st period - Stopped by Tristan Jarry without a rebound.
11:09 of 1st period - Sidney Crosby wins face-off versus Brandon Saad in Kraken zone.
11:16 of 1st period - Wrist shot by Sidney Crosby.
11:16 of 1st period - Shot Blocked by Brandon Saad.
11:18 of 1st period - Backhand shot by Esa Lindell.
11:18 of 1st period - Stopped by Tristan Jarry without a rebound.
11:19 of 1st period - Jesperi Kotkaniemi wins face-off versus Nikolaj Ehlers in Kraken zone.
11:35 of 1st period - Wrist shot by Daniil But.
11:35 of 1st period - Stopped by Tristan Jarry with a rebound.
11:37 of 1st period - Slapshot by Mark Giordano.
11:37 of 1st period - Shot Blocked by Jake Sanderson.
11:39 of 1st period - Slapshot by Esa Lindell.
11:39 of 1st period - Shot Blocked by Martin Fehervary.
11:41 of 1st period - Snap shot by Mark Giordano.
11:41 of 1st period - Stopped by Tristan Jarry with a rebound.
11:43 of 1st period - Snap shot by Esa Lindell.
11:43 of 1st period - Stopped by Tristan Jarry with a rebound.
11:45 of 1st period - Snap shot by Daniil But.
11:45 of 1st period - Shot Misses the Net.
11:59 of 1st period - Wrist shot by Nikolaj Ehlers.
11:59 of 1st period - Stopped by Tristan Jarry with a rebound.
12:01 of 1st period - Backhand shot by Nikolaj Ehlers.
12:01 of 1st period - Shot Hit the Post.
12:03 of 1st period - Slapshot by Mark Giordano.
12:03 of 1st period - Deflect By Daniil But.
12:03 of 1st period - Stopped by Tristan Jarry without a rebound.
12:04 of 1st period - Roope Hintz wins face-off versus Noel Acciari in Kraken zone.
12:04 of 1st period - Roope Hintz is hit by William Borgen.
12:29 of 1st period - Philip Broberg is hit by Artturi Lehkonen.
12:33 of 1st period - Artturi Lehkonen is hit by Carl Grundstrom and loses puck.
12:56 of 1st period - Mark Giordano is hit by Martin Fehervary and loses puck.
13:38 of 1st period - Jonas Siegenthaler is hit by Daniil But and loses puck.
14:15 of 1st period - Dustin Brown is hit by Tanner Jeannot and loses puck.
14:35 of 1st period - Slapshot by Blake Coleman.
14:35 of 1st period - Stopped by Semyon Varlamov without a rebound.
14:36 of 1st period - Roope Hintz wins face-off versus Sidney Crosby in Sharks zone.
14:54 of 1st period - Icing by Jake Sanderson.
14:55 of 1st period - Noel Acciari wins face-off versus Roope Hintz in Kraken zone.
14:55 of 1st period - Derek Stepan and Kirill Kaprizov fight to a draw.
14:55 of 1st period - Penalty to Derek Stepan for Fighting.
14:55 of 1st period - Penalty to Kirill Kaprizov for Fighting.
14:55 of 1st period - Penalty to Kirill Kaprizov for instigated a fight.
14:55 of 1st period - Penalty to Kirill Kaprizov for instigated a fight.
14:56 of 1st period - Auston Matthews wins face-off versus Morgan Frost in Kraken zone.
15:07 of 1st period - Backhand shot by Sidney Crosby.
15:07 of 1st period - Deflect By Nikolaj Ehlers.
15:07 of 1st period - Shot Misses the Net.
15:07 of 1st period - Puck is out of play.
15:08 of 1st period - Auston Matthews wins face-off versus Roope Hintz in Kraken zone.
15:19 of 1st period - Wrist shot by Nikolaj Ehlers.
15:19 of 1st period - Shot Blocked by Tanner Jeannot.
15:21 of 1st period - Wrist shot by Sidney Crosby.
15:21 of 1st period - Goal by Sidney Crosby - Kraken : 0 - Sharks : 1.
15:22 of 1st period - Roope Hintz wins face-off versus Sidney Crosby in neutral zone.
15:25 of 1st period - Snap shot by Andrei Svechnikov.
15:25 of 1st period - Stopped by Semyon Varlamov without a rebound.
15:26 of 1st period - Sidney Crosby wins face-off versus Roope Hintz in Sharks zone.
15:26 of 1st period - Sidney Crosby is hit by Andrei Svechnikov.
15:31 of 1st period - Off-side.
15:32 of 1st period - Roope Hintz wins face-off versus Sidney Crosby in neutral zone.
15:37 of 1st period - Snap shot by Andrei Svechnikov.
15:37 of 1st period - Shot Misses the Net.
15:39 of 1st period - Slapshot by Valeri Nichushkin.
15:39 of 1st period - Stopped by Semyon Varlamov with a rebound.
15:43 of 1st period - Snap shot by Valeri Nichushkin.
15:43 of 1st period - Stopped by Semyon Varlamov without a rebound.
15:44 of 1st period - Pavel Zacha wins face-off versus Daniil But in Sharks zone.
15:49 of 1st period - Wrist shot by Artturi Lehkonen.
15:49 of 1st period - Shot Blocked by Mark Giordano.
15:56 of 1st period - Valeri Nichushkin is hit by Esa Lindell and loses puck.
16:09 of 1st period - Esa Lindell is hit by Jesperi Kotkaniemi and loses puck.
16:18 of 1st period - Wrist shot by Brandon Saad.
16:18 of 1st period - Stopped by Semyon Varlamov with a rebound.
16:20 of 1st period - Wrist shot by Jesperi Kotkaniemi.
16:20 of 1st period - Stopped by Semyon Varlamov without a rebound.
16:21 of 1st period - Sidney Crosby wins face-off versus Roope Hintz in Sharks zone.
16:34 of 1st period - Slapshot by Nikolaj Ehlers.
16:34 of 1st period - Shot Misses the Net.
16:48 of 1st period - Philip Broberg is hit by Blake Coleman and loses puck.
17:06 of 1st period - Minor Penalty to Martin Fehervary for Hooking.
17:07 of 1st period - Morgan Frost wins face-off versus Auston Matthews in Kraken zone.
17:14 of 1st period - Off-side.
17:15 of 1st period - Roope Hintz wins face-off versus Auston Matthews in neutral zone.
17:32 of 1st period - Icing by Mark Giordano.
17:33 of 1st period - Auston Matthews wins face-off versus Morgan Frost in Sharks zone.
17:59 of 1st period - Off-side.
18:00 of 1st period - Gustav Nyquist wins face-off versus Roope Hintz in neutral zone.
18:24 of 1st period - Brenden Dillon is hit by William Borgen and loses puck.
19:06 of 1st period - Penalty to Martin Fehervary is over, Martin Fehervary is back on ice.
19:21 of 1st period - Wrist shot by Nick Ritchie.
19:21 of 1st period - Shot Misses the Net.
19:45 of 1st period - Snap shot by Pavel Zacha.
19:45 of 1st period - Shot Blocked by William Borgen.
Goals for this period are 0 for Kraken vs 1 for Sharks.
Shots for this period are 10 for Kraken vs 15 for Sharks.

2nd period


0:01 of 2nd period - Nikolaj Ehlers wins face-off versus Valeri Nichushkin in neutral zone.
1:36 of 2nd period - Snap shot by Sidney Crosby.
1:36 of 2nd period - Stopped by Tristan Jarry with a rebound.
1:38 of 2nd period - Snap shot by Sidney Crosby.
1:38 of 2nd period - Stopped by Tristan Jarry with a rebound.
1:58 of 2nd period - Wrist shot by Blake Coleman.
1:58 of 2nd period - Stopped by Semyon Varlamov with a rebound.
2:00 of 2nd period - Snap shot by Brandon Saad.
2:00 of 2nd period - Goal by Brandon Saad - Kraken : 1 - Sharks : 1.
2:01 of 2nd period - Roope Hintz wins face-off versus Nikolaj Ehlers in neutral zone.
2:38 of 2nd period - Snap shot by Noel Acciari.
2:38 of 2nd period - Shot Blocked by Brenden Dillon.
2:40 of 2nd period - Slapshot by Philip Broberg.
2:40 of 2nd period - Stopped by Tristan Jarry without a rebound.
2:41 of 2nd period - Noel Acciari wins face-off versus Jesperi Kotkaniemi in Kraken zone.
2:44 of 2nd period - Backhand shot by Derek Stepan.
2:44 of 2nd period - Shot Blocked by Jonas Siegenthaler.
2:46 of 2nd period - Wrist shot by Derek Stepan.
2:46 of 2nd period - Stopped by Tristan Jarry with a rebound.
2:48 of 2nd period - Snap shot by Noel Acciari.
2:48 of 2nd period - Shot Hit the Post.
2:50 of 2nd period - Wrist shot by Noel Acciari.
2:50 of 2nd period - Shot Misses the Net.
2:52 of 2nd period - Snap shot by Noel Acciari.
2:52 of 2nd period - Shot Blocked by Nicolas Hague.
2:54 of 2nd period - Snap shot by Noel Acciari.
2:54 of 2nd period - Shot Blocked by Jonas Siegenthaler.
3:10 of 2nd period - Jonas Siegenthaler is hit by Dustin Brown and loses puck.
3:29 of 2nd period - Sidney Crosby is hit by Brenden Dillon and loses puck.
3:46 of 2nd period - Snap shot by Brendan Lemieux.
3:46 of 2nd period - Shot Misses the Net.
3:51 of 2nd period - Off-side.
3:52 of 2nd period - Auston Matthews wins face-off versus Roope Hintz in neutral zone.
4:18 of 2nd period - Jesperi Kotkaniemi is hit by Mark Giordano and loses puck.
4:41 of 2nd period - Wrist shot by Frederick Gaudreau.
4:41 of 2nd period - Stopped by Tristan Jarry with a rebound.
5:01 of 2nd period - Snap shot by Andrei Svechnikov.
5:01 of 2nd period - Shot Blocked by Mark Giordano.
7:08 of 2nd period - Snap shot by Roope Hintz.
7:08 of 2nd period - Goal by Roope Hintz - Kraken : 2 - Sharks : 1.
7:09 of 2nd period - Auston Matthews wins face-off versus Pavel Zacha in neutral zone.
7:37 of 2nd period - Icing by Travis Sanheim.
7:38 of 2nd period - Roope Hintz wins face-off versus Sidney Crosby in Sharks zone.
9:06 of 2nd period - Mark Giordano is hit by Blake Coleman and loses puck.
9:19 of 2nd period - Brenden Dillon is hit by Dustin Brown and loses puck.
9:55 of 2nd period - 10 Minutes Misconduct Penalty to Kirill Kaprizov is over.
10:00 of 2nd period - Wrist shot by Roope Hintz.
10:00 of 2nd period - Shot Misses the Net.
10:02 of 2nd period - Slapshot by Andrei Svechnikov.
10:02 of 2nd period - Shot Misses the Net.
10:16 of 2nd period - Wrist shot by Blake Coleman.
10:16 of 2nd period - Deflect By Jesperi Kotkaniemi.
10:16 of 2nd period - Shot Hit the Post.
10:16 of 2nd period - Puck is out of play.
10:17 of 2nd period - Jesperi Kotkaniemi wins face-off versus Brendan Lemieux in Sharks zone.
10:18 of 2nd period - Snap shot by Blake Coleman.
10:18 of 2nd period - Goal by Blake Coleman - Kraken : 3 - Sharks : 1.
10:19 of 2nd period - Auston Matthews wins face-off versus Pavel Zacha in neutral zone.
10:33 of 2nd period - Snap shot by Valeri Nichushkin.
10:33 of 2nd period - Goal by Valeri Nichushkin - Kraken : 4 - Sharks : 1.
10:33 of 2nd period - Alex Lyon enters game.
10:34 of 2nd period - Artturi Lehkonen wins face-off versus Sidney Crosby in neutral zone.
11:34 of 2nd period - Wrist shot by Auston Matthews.
11:34 of 2nd period - Shot Misses the Net.
11:55 of 2nd period - Slapshot by Keegan Kolesar.
11:55 of 2nd period - Shot Misses the Net.
11:57 of 2nd period - Slapshot by Jonas Siegenthaler.
11:57 of 2nd period - Shot Misses the Net.
12:12 of 2nd period - Pavel Zacha beats up Brendan Lemieux.
12:12 of 2nd period - Penalty to Brendan Lemieux for Fighting.
12:12 of 2nd period - Penalty to Pavel Zacha for Fighting.
12:13 of 2nd period - Auston Matthews wins face-off versus Kirill Kaprizov in Sharks zone.
12:13 of 2nd period - Auston Matthews is hit by Brenden Dillon.
12:40 of 2nd period - Auston Matthews is hit by Tanner Jeannot and loses puck.
13:25 of 2nd period - Wrist shot by Kirill Kaprizov.
13:25 of 2nd period - Stopped by Alex Lyon with a rebound.
13:27 of 2nd period - Snap shot by Kirill Kaprizov.
13:27 of 2nd period - Stopped by Alex Lyon with a rebound.
13:29 of 2nd period - Slapshot by Kirill Kaprizov.
13:29 of 2nd period - Goal by Kirill Kaprizov - Kraken : 5 - Sharks : 1.
13:30 of 2nd period - Sidney Crosby wins face-off versus Roope Hintz in neutral zone.
13:33 of 2nd period - Slapshot by Sidney Crosby.
13:33 of 2nd period - Stopped by Tristan Jarry without a rebound.
13:34 of 2nd period - Roope Hintz wins face-off versus Sidney Crosby in Kraken zone.
14:01 of 2nd period - Snap shot by Andrei Svechnikov.
14:01 of 2nd period - Shot Misses the Net.
14:43 of 2nd period - William Borgen is hit by Blake Coleman and loses puck.
15:00 of 2nd period - Kirill Kaprizov is hit by William Borgen and loses puck.
15:24 of 2nd period - Gustav Nyquist is hit by Artturi Lehkonen and loses puck.
15:31 of 2nd period - Blake Coleman is hit by Gustav Nyquist and loses puck.
16:11 of 2nd period - Snap shot by Roope Hintz.
16:11 of 2nd period - Stopped by Alex Lyon with a rebound.
16:13 of 2nd period - Snap shot by Andrei Svechnikov.
16:13 of 2nd period - Shot Blocked by Daniil But.
16:31 of 2nd period - Snap shot by Artturi Lehkonen.
16:31 of 2nd period - Shot Blocked by Mark Giordano.
16:47 of 2nd period - Wrist shot by Sidney Crosby.
16:47 of 2nd period - Shot Misses the Net.
16:57 of 2nd period - Rasmus Ristolainen is hit by Brenden Dillon and loses puck.
17:19 of 2nd period - Noel Acciari is hit by Tanner Jeannot and loses puck.
17:35 of 2nd period - Icing by Daniil But.
17:36 of 2nd period - Sidney Crosby wins face-off versus Artturi Lehkonen in Sharks zone.
18:00 of 2nd period - Jake Sanderson is hit by Sidney Crosby and loses puck.
18:31 of 2nd period - Backhand shot by Nikolaj Ehlers.
18:31 of 2nd period - Stopped by Tristan Jarry with a rebound.
19:25 of 2nd period - Snap shot by Valeri Nichushkin.
19:25 of 2nd period - Stopped by Alex Lyon without a rebound.
19:26 of 2nd period - Jesperi Kotkaniemi wins face-off versus Auston Matthews in Sharks zone.
19:30 of 2nd period - Mark Giordano and Nicolas Hague fight to a draw.
19:30 of 2nd period - Penalty to Mark Giordano for Fighting.
19:30 of 2nd period - Penalty to Nicolas Hague for Fighting.
19:31 of 2nd period - Auston Matthews wins face-off versus Jesperi Kotkaniemi in Sharks zone.
19:56 of 2nd period - Keegan Kolesar beats up Auston Matthews.
19:56 of 2nd period - Penalty to Auston Matthews for Fighting.
19:56 of 2nd period - Penalty to Keegan Kolesar for Fighting.
19:57 of 2nd period - Brendan Lemieux wins face-off versus Jesperi Kotkaniemi in Sharks zone.
Goals for this period are 5 for Kraken vs 0 for Sharks.
Shots for this period are 10 for Kraken vs 7 for Sharks.

3rd period


0:01 of 3rd period - Jesperi Kotkaniemi wins face-off versus Brendan Lemieux in neutral zone.
0:06 of 3rd period - Gustav Nyquist is hit by Jonas Siegenthaler and loses puck.
0:10 of 3rd period - Brendan Lemieux beats up Jonas Siegenthaler.
0:10 of 3rd period - Penalty to Brendan Lemieux for Fighting.
0:10 of 3rd period - Penalty to Jonas Siegenthaler for Fighting.
0:10 of 3rd period - Penalty to Brendan Lemieux for instigated a fight.
0:10 of 3rd period - Penalty to Brendan Lemieux for instigated a fight.
0:11 of 3rd period - Noel Acciari wins face-off versus Roope Hintz in Sharks zone.
1:03 of 3rd period - Snap shot by Kirill Kaprizov.
1:03 of 3rd period - Shot Misses the Net.
1:18 of 3rd period - Slapshot by Noah Dobson.
1:18 of 3rd period - Stopped by Alex Lyon without a rebound.
1:19 of 3rd period - Carl Grundstrom wins face-off versus Jesperi Kotkaniemi in Sharks zone.
2:10 of 3rd period - Penalty to Brendan Lemieux is over, Carl Grundstrom is send on ice.
2:27 of 3rd period - Wrist shot by Blake Coleman.
2:27 of 3rd period - Shot Misses the Net.
2:50 of 3rd period - Tanner Jeannot is hit by Nikolaj Ehlers and loses puck.
3:15 of 3rd period - Roope Hintz is hit by Rasmus Ristolainen and loses puck.
4:52 of 3rd period - Derek Stepan is hit by Roope Hintz and loses puck.
5:18 of 3rd period - Icing by Artturi Lehkonen.
5:19 of 3rd period - Sidney Crosby wins face-off versus Morgan Frost in Kraken zone.
5:57 of 3rd period - Wrist shot by Auston Matthews.
5:57 of 3rd period - Stopped by Tristan Jarry without a rebound.
5:58 of 3rd period - Valeri Nichushkin wins face-off versus Dustin Brown in Kraken zone.
5:58 of 3rd period - Valeri Nichushkin is hit by Dustin Brown.
6:10 of 3rd period - Slapshot by Auston Matthews.
6:10 of 3rd period - Shot Blocked by Jake Sanderson.
6:42 of 3rd period - Slapshot by Roope Hintz.
6:42 of 3rd period - Stopped by Alex Lyon with a rebound.
6:44 of 3rd period - Slapshot by Jake Sanderson.
6:44 of 3rd period - Stopped by Alex Lyon without a rebound.
6:45 of 3rd period - Auston Matthews wins face-off versus Roope Hintz in Sharks zone.
7:12 of 3rd period - Noah Dobson is hit by Nikolaj Ehlers and loses puck.
7:49 of 3rd period - Snap shot by Blake Coleman.
7:49 of 3rd period - Deflect By Jesperi Kotkaniemi.
7:49 of 3rd period - Shot Misses the Net.
7:49 of 3rd period - Puck is out of play.
7:50 of 3rd period - Auston Matthews wins face-off versus Roope Hintz in Sharks zone.
7:50 of 3rd period - Auston Matthews is hit by Martin Fehervary.
7:53 of 3rd period - Auston Matthews and Andrei Svechnikov fight to a draw.
7:53 of 3rd period - Penalty to Auston Matthews for Fighting.
7:53 of 3rd period - Penalty to Andrei Svechnikov for Fighting.
7:54 of 3rd period - Nikolaj Ehlers wins face-off versus Jesperi Kotkaniemi in neutral zone.
8:05 of 3rd period - Brandon Saad is hit by Rasmus Ristolainen and loses puck.
8:26 of 3rd period - Slapshot by Kirill Kaprizov.
8:26 of 3rd period - Stopped by Alex Lyon with a rebound.
8:28 of 3rd period - Wrist shot by Kirill Kaprizov.
8:28 of 3rd period - Stopped by Alex Lyon without a rebound.
8:29 of 3rd period - Pavel Zacha wins face-off versus Daniil But in Sharks zone.
8:32 of 3rd period - Slapshot by Pavel Zacha.
8:32 of 3rd period - Shot Misses the Net.
8:45 of 3rd period - Esa Lindell is hit by Pavel Zacha and loses puck.
9:07 of 3rd period - Slapshot by Jake Sanderson.
9:07 of 3rd period - Shot Blocked by Noel Acciari.
9:09 of 3rd period - Backhand shot by Martin Fehervary.
9:09 of 3rd period - Shot Blocked by Mark Giordano.
9:11 of 3rd period - Snap shot by Artturi Lehkonen.
9:11 of 3rd period - Shot Misses the Net.
9:13 of 3rd period - Wrist shot by Pavel Zacha.
9:13 of 3rd period - Goal by Pavel Zacha - Kraken : 6 - Sharks : 1.
9:14 of 3rd period - Sidney Crosby wins face-off versus Roope Hintz in neutral zone.
9:25 of 3rd period - Slapshot by Sidney Crosby.
9:25 of 3rd period - Stopped by Tristan Jarry without a rebound.
9:26 of 3rd period - Sidney Crosby wins face-off versus Jesperi Kotkaniemi in Kraken zone.
9:54 of 3rd period - Snap shot by Kirill Kaprizov.
9:54 of 3rd period - Stopped by Alex Lyon with a rebound.
10:00 of 3rd period - Snap shot by Valeri Nichushkin.
10:00 of 3rd period - Stopped by Alex Lyon without a rebound.
10:01 of 3rd period - Roope Hintz wins face-off versus Sidney Crosby in Sharks zone.
10:02 of 3rd period - Wrist shot by Kirill Kaprizov.
10:02 of 3rd period - Shot Misses the Net.
10:08 of 3rd period - Slapshot by Philip Broberg.
10:08 of 3rd period - Shot Blocked by Nicolas Hague.
10:16 of 3rd period - Snap shot by Nikolaj Ehlers.
10:16 of 3rd period - Shot Misses the Net.
10:55 of 3rd period - Wrist shot by Morgan Frost.
10:55 of 3rd period - Shot Blocked by Carl Grundstrom.
11:09 of 3rd period - Slapshot by Philip Broberg.
11:09 of 3rd period - Shot Hit the Post.
12:03 of 3rd period - Philip Broberg is hit by Keegan Kolesar and loses puck.
12:40 of 3rd period - Nikolaj Ehlers is hit by Martin Fehervary and loses puck.
12:57 of 3rd period - Slapshot by Carl Grundstrom.
12:57 of 3rd period - Shot Misses the Net.
12:59 of 3rd period - Slapshot by Noel Acciari.
12:59 of 3rd period - Shot Misses the Net.
13:01 of 3rd period - Slapshot by Travis Sanheim.
13:01 of 3rd period - Shot Misses the Net.
13:05 of 3rd period - Slapshot by Noel Acciari.
13:05 of 3rd period - Stopped by Tristan Jarry with a rebound.
13:11 of 3rd period - Minor Penalty to Artturi Lehkonen for Interference.
13:12 of 3rd period - Auston Matthews wins face-off versus Morgan Frost in Kraken zone.
13:19 of 3rd period - Wrist shot by Sidney Crosby.
13:19 of 3rd period - Shot Hit the Post.
13:21 of 3rd period - Snap shot by Sidney Crosby.
13:21 of 3rd period - Shot Misses the Net.
13:23 of 3rd period - Snap shot by Travis Sanheim.
13:23 of 3rd period - Stopped by Tristan Jarry without a rebound.
13:24 of 3rd period - Auston Matthews wins face-off versus Roope Hintz in Kraken zone.
13:43 of 3rd period - Snap shot by Blake Coleman.
13:43 of 3rd period - Goal by Blake Coleman - Kraken : 7 - Sharks : 1.
13:44 of 3rd period - Auston Matthews wins face-off versus Roope Hintz in neutral zone.
14:20 of 3rd period - Snap shot by Dustin Brown.
14:20 of 3rd period - Stopped by Tristan Jarry with a rebound.
15:10 of 3rd period - 10 Minutes Misconduct Penalty to Brendan Lemieux is over.
15:11 of 3rd period - Penalty to Artturi Lehkonen is over, Artturi Lehkonen is back on ice.
15:21 of 3rd period - Minor Penalty to Noel Acciari for Slashing.
15:22 of 3rd period - Kirill Kaprizov wins face-off versus Auston Matthews in Sharks zone.
15:24 of 3rd period - Snap shot by Kirill Kaprizov.
15:24 of 3rd period - Shot Misses the Net.
16:24 of 3rd period - Travis Sanheim is hit by Pavel Zacha and loses puck.
17:21 of 3rd period - Penalty to Noel Acciari is over, Noel Acciari is back on ice.
17:43 of 3rd period - Tanner Jeannot is hit by Noel Acciari and loses puck.
17:58 of 3rd period - Slapshot by Gustav Nyquist.
17:58 of 3rd period - Stopped by Tristan Jarry with a rebound.
18:02 of 3rd period - Wrist shot by Gustav Nyquist.
18:02 of 3rd period - Shot Misses the Net.
18:12 of 3rd period - Snap shot by Tanner Jeannot.
18:12 of 3rd period - Shot Blocked by Brendan Lemieux.
18:14 of 3rd period - Slapshot by Morgan Frost.
18:14 of 3rd period - Stopped by Alex Lyon without a rebound.
18:15 of 3rd period - Sidney Crosby wins face-off versus Artturi Lehkonen in Sharks zone.
19:17 of 3rd period - Icing by Mark Giordano.
19:18 of 3rd period - Sidney Crosby wins face-off versus Artturi Lehkonen in Sharks zone.
19:33 of 3rd period - Daniil But is hit by Valeri Nichushkin.
Goals for this period are 2 for Kraken vs 0 for Sharks.
Shots for this period are 10 for Kraken vs 6 for Sharks.